 Dungeon Crawl Stone Soup version 0.30-a0-1163-gf69bf04e7a (webtiles) character file.

Game seed: 2761519252643098141

8 Esekla the Sneak (level 2, 21/21 HPs)
             Began as an Octopode Delver on Apr 29, 2023.
             Quit the game on level 5 of the Dungeon.
             The game lasted 00:02:26 (146 turns).

Esekla the Sneak (Octopode Delver)                   Turns: 146, Time: 00:02:27

Health: 21/21      AC:  1    Str: 11    XL:     2   Next: 8%
Magic:  2/2        EV: 13    Int: 12    God:
Gold:   24         SH:  0    Dex: 13    Spells: 1/1 levels left

rFire   . . .        a - +0 falchion
rCold   . . .        (no shield)
rNeg    . . .        (helmet restricted)
rPois   .            (no amulet)
rElec   .            (no ring)
rCorr   .            (no ring)
SInv    .            (no ring)
Will    .....        (no ring)
Stlth   ++++         (no ring)
HPRegen 0.23/turn    (no ring)
MPRegen 0.08/turn    (no ring)
                     (no ring)

%: no passive effects
@: no status effects
A: almost no armour, amphibious, 8 rings, camouflage 1, gelatinous body 1,
(nimble swimmer 1), tentacles
a: no special abilities


You were on level 5 of the Dungeon.
You visited 1 branch of the dungeon, and saw 1 of its levels.

You collected 24 gold pieces.

Inventory:

Hand Weapons
 a - a +0 falchion (weapon)
Wands
 f - a wand of digging (3)
Scrolls
 b - a scroll of fog
Potions
 c - a potion of lignification {unknown}
 e - a potion of haste
 g - 2 potions of attraction {unknown}


   Skills:
 * Level 3.1 Fighting
 * Level 2.0 Long Blades
 * Level 2.1 Dodging
 + Level 6.8 Stealth
 * Level 0.2 Spellcasting
 * Level 0.2 Translocations


You had one spell level left.
You didn't know any spells.
Your spell library contained the following spells:

 Spells                   Type           Power      Damage    Failure   Level
 Blink                    Tloc           0%         N/A       41%         2
 Manifold Assault         Tloc           0%         N/A       96%         4
 Storm Form               Tmut/Air       0%         N/A       100%        7


Dungeon Overview and Level Annotations

Branches:
Dungeon (5/15)
 Temple: D:4-7

Altars:
Vehumet
Yredelemnul
The Shining One


Innate Abilities, Weirdness & Mutations

You cannot wear most types of armour.
You are amphibious.
You can wear up to eight rings at the same time.
Your skin changes colour to match your surroundings (Stealth+).
Your rubbery body absorbs attacks. (AC +1, EV +1)
((You are camouflaged when in or above water. (Stealth+)))
You have tentacles for arms and can constrict up to eight enemies at once.


Message History

You hit the orc but do no damage. You squeeze the orc.
The orc is severely wounded.
You constrict the orc.
You kill the orc!
The orc wizard casts a spell.
The orc wizard flickers and vanishes!
Deactivating autopickup; reactivate with Ctrl-A.
You completely miss the orc. You grab the orc.
You constrict the orc, but do no damage.
The orc hits you with a +0 club.
You hit the orc.
You kill the orc!
You have reached level 2!
You miss something. Something hits you.
* * * LOW HITPOINT WARNING * * *
As you read the scroll of fear, it crumbles to dust.
You assume a fearsome visage.
The jelly looks frightened!
The quokka looks frightened!
Items here: )) [ †.
Okay, then.
Found a stone staircase leading down.
An iguana comes into view.
Found a cyan potion.
Found a stone staircase leading up.
You see here a cyan potion.
c - a cyan potion
There is a stone staircase leading up here.
Autopickup is now on.
A scorpion comes into view.
Found 13 gold pieces.
Found 11 gold pieces.
Found a glowing golden altar of the Shining One.
You now have 13 gold pieces.
You start resting.
HP restored.
You see here 11 gold pieces.
You now have 24 gold pieces (gained 11).
Are you sure you want to abandon this character and quit the game? (Confirm with "yes".)
Okay, then.
Are you sure you want to abandon this character and quit the game? (Confirm with "yes".)

*******###**
****.,,,,,...,###
*,,,..,,,,..#,..#
*,**##.***#.#*#.#
#.##.....##.# #.#
#.#.......#.###.#
#.#...l...#...#@#
#....._.....#.#.#
#.#.......#...#.#
#.#.......#.#...#
##.##.....##.##..#
...####.####.##.##
##...........##.#
####...........#
########....#


There were no monsters in sight!

Vanquished Creatures
  4 orcs (D:5)
4 creatures vanquished.

Notes
Turn   | Place    | Note
-------+----------+-------------------------------------------
     0 | D:5      | Esekla the Octopode Delver began the quest for the Orb.
     0 | D:5      | Reached XP level 1. HP: 16/16 MP: 1/1
    19 | D:5      | Found a radiant altar of Vehumet.
    21 | D:5      | Noticed a jelly
    31 | D:5      | Found a basalt altar of Yredelemnul.
    50 | D:5      | Noticed a scorpion
    50 | D:5      | Noticed an orc wizard
    58 | D:5      | Reached XP level 2. HP: 8/21 MP: 2/2
    85 | D:5      | Noticed a scorpion
    90 | D:5      | Found a glowing golden altar of the Shining One.
   146 | D:5      | Quit the game

Illustrated notes

Levels and vault maps discovered:
D:5:      layout_layer_cave, old_standard_altar,
          mainiacjoe_overflow_catwalk_spiral, uniq_edmund

Action                     || total
---------------------------++-------
  Melee: Falchion          ||    11
         Constrict         ||     3
         Tentacles         ||     2
    Use: Scroll            ||     2
  Dodge: Dodged            ||     2

Table legend: (Time is in decaauts)
 A = Elapsed time spent in this place.
 B = Non-inter-level travel time spent in this place.
 C = Inter-level travel time spent in this place.
 D = Time resting spent in this place.
 E = Time spent auto-exploring this place.
 F = Levels seen in this place.
 G = Mean time per level.
                   A        B        C        D        E       F      G
               +--------+--------+--------+--------+--------+-----+--------+
         Total |    148 |    148 |      0 |     16 |      0 |   1 |  148.0 |
       Dungeon |    148 |    148 |      0 |     16 |      0 |   1 |  148.0 |
               +--------+--------+--------+--------+--------+-----+--------+

Top non-repeatable levels by time:
     D:5: 148 daAuts
